 Dungeon Crawl Stone Soup version 0.31.0-12-g77e489cdc1 (webtiles) character file.

Game seed: 10431266109379938848

151 lordive the Changeling (level 5, -5/33 HPs)
             Began as an Octopode Shapeshifter on Feb 29, 2024.
             Killed from afar by an orc wizard (11 damage)
             ... with a puff of flame
             ... on level 3 of the Dungeon.
             The game lasted 00:01:56 (1503 turns).

lordive the Changeling (Octopode Shapeshifter)      Turns: 1503, Time: 00:01:57

Health: -5/33      AC:  1    Str: 13    XL:     5   Next: 33%
Magic:  5/5        EV: 13    Int: 13    God:
Gold:   134        SH:  0    Dex: 13    Spells: 4/4 levels left

rFire   . .          .
                       - Unarmed
rCold   . . .        (no shield)
rNeg    . . .        (helmet currently unavailable)
rPois   .            (no amulet)
rElec   .            (no ring)
rCorr   .            (no ring)
SInv    .            (no ring)
Will    .....        (no ring)
Stlth   ++           (no ring)
HPRegen 0.25/turn    (no ring)
MPRegen 0.09/turn    (no ring)
                     (no ring)

%: no passive effects
@: beast-form
A: beast (slay +2), almost no armour, amphibious, 8 rings, camouflage 1,
gelatinous body 1, (nimble swimmer 1), tentacles
a: Begin Untransformation


You were on level 3 of the Dungeon.
You were a hulking beast.
You visited 1 branch of the dungeon, and saw 3 of its levels.

You collected 134 gold pieces.

Inventory:

Jewellery
 m - an amulet of faith
Talismans
 b - a beast talisman
 c - a flux talisman
Scrolls
 d - a scroll of torment {unknown}
 e - 2 scrolls of amnesia {unknown}
 h - 2 scrolls of identify {unknown}
 j - a scroll of enchant weapon {unknown}
 k - a scroll of noise {unknown}
 n - a scroll of vulnerability {unknown}
Potions
 a - a potion of lignification
 f - a potion of berserk rage {unknown}
 g - a potion of enlightenment {unknown}
 i - 2 potions of curing {unknown}
 l - a potion of resistance {unknown}


   Skills:
 + Level 1.3 Fighting
 + Level 2.2 Dodging
 + Level 4.2 Unarmed Combat
 * Level 4.5 Shapeshifting


You had 4 spell levels left.
You didn't know any spells.
Your spell library contained the following spells:

 Spells                   Type           Power      Damage    Failure   Level
 Foxfire                  Conj/Fire      0%         2x1d4     30%         1
 Kiss of Death            Conj/Necr      0%         2d5       30%         1
 Confusing Touch          Hex            0%         N/A       67%         3
 Summon Ice Beast         Ice/Summ       0%         N/A       67%         3
 Tukima's Dance           Hex            0%         N/A       67%         3
 Dispel Undead            Necr           0%         3d6       97%         4
 Passage of Golubria      Tloc           0%         N/A       97%         4
 Summon Mana Viper        Hex/Summ       0%         N/A       100%        5
 Yara's Violent Unravell  Hex/Alch       0%         3d3       100%        5
 Plasma Beam              Fire/Air       0%         2x1d10    100%        6
 Starburst                Conj/Fire      0%         6d3       100%        6
 Monstrous Menagerie      Summ           0%         N/A       100%        7


Dungeon Overview and Level Annotations

Branches:
Dungeon (3/15)

Altars:

Shops:
D:1 *


Innate Abilities, Weirdness & Mutations

You are a hulking beast.
Your limbs bulge with bestial killing power. (Slay +2)
You cannot wear most types of armour.
You are amphibious.
You can wear up to eight rings at the same time.
Your skin changes colour to match your surroundings (Stealth+).
Your rubbery body absorbs attacks. (AC +1, EV +1)
((You are camouflaged when in or above water. (Stealth+)))
You have tentacles for arms and can constrict up to eight enemies at once.


Message History

The orc is severely wounded.
You constrict the orc.
The orc struggles to escape constriction.
You tentacle-slap the orc.
You kill the orc!
The orc wizard gestures wildly while chanting.
The orc wizard flickers and vanishes!
Deactivating autopickup; reactivate with Ctrl-A.
An orc is nearby!
An orc is nearby!
An orc is nearby!
You tentacle-slap the orc. Your grab misses the orc.
The orc is heavily wounded.
The orc barely misses you.
You tentacle-slap the orc.
You kill the orc!
You hear some strange, mumbled words.
You are confused.
You are too confused!
You are too confused!
You're too confused to move!
Something hits you.
You bump into the rock wall.
Something hits you.
You bump into the rock wall.
You feel less confused. Something hits you.
You closely miss something. Something hits you.
You closely miss something.
Your tentacle-slap misses something.
Something hits you.
You closely miss something. You tentacle-slap something. You squeeze something!
Something hits you.
You closely miss something. Something hits you.
You miss something. Something hits you.
You barely miss something. Something hits you.
* * * LOW HITPOINT WARNING * * *
You miss something.
You hear some strange, mumbled words.
A puff of flame appears from out of thin air!
The puff of flame hits you!
You die...

..###########
........# .....#
..#.##### .§§≈..
....# ≈≈§≈≈.##
....# §≈≈≈≈..#
....# ≈≈≈..# ....#
...# ....# #{#####
....# #h....#
....## ##.####
.....# #)#
.....######.# #.#
.....'......# #)#
.....######## #.#
.....############.#
.....'............#
.....##############


There were no monsters in sight!

Vanquished Creatures
  An orc wizard (D:3)
  Natasha (thrice) (D:2)
  3 dart slugs
  3 ribbon worms (D:2)
  2 orcs (D:3)
  A bat (D:3)
  3 endoplasms (D:1)
  4 goblins (D:1)
  3 hobgoblins
  A quokka (D:1)
  6 ball pythons
  4 frilled lizards
  4 kobolds
  6 rats
44 creatures vanquished.

Notes
Turn   | Place    | Note
-------+----------+-------------------------------------------
     0 | D:1      | lordive the Octopode Shapeshifter began the quest for the
                  | Orb.
     0 | D:1      | Reached XP level 1. HP: 13/13 MP: 1/1
    82 | D:1      | Reached XP level 2. HP: 17/18 MP: 2/2
   165 | D:1      | Found Meaniehu's Assorted Antiques.
   479 | D:1      | Reached XP level 3. HP: 22/23 MP: 3/3
   586 | D:2      | Noticed Natasha
   596 | D:2      | Killed Natasha
   859 | D:2      | Reached XP level 4. HP: 28/28 MP: 4/4
  1025 | D:2      | Noticed Natasha
  1031 | D:2      | Killed Natasha
  1063 | D:2      | Noticed Natasha
  1069 | D:2      | Killed Natasha
  1070 | D:2      | Reached XP level 5. HP: 9/33 MP: 5/5
  1503 | D:3      | Killed from afar by an orc wizard

Illustrated notes

Levels and vault maps discovered:
D:1:      amcnicky_arrival_feature_with_door, layout_rooms, serial_shops, shop,
          amcnicky_mini_corridor_feature
D:2:      layout_basic, uniq_natasha
D:3:      layout_basic, serial_shops, nicolae_lakefront_shop,
          shapermc_ecumenical_altar_mp_urbaneastern, chequers_arboretum,
          nicolae_concentric_dashed_squares_mild, minmay_fractal_squares_5

Skill      XL: |  1  2  3  4  5 |
---------------+----------------+-----
Shapeshifting  | 4 |  4.5
Unarmed Combat | 4 |  4.2
Fighting       | |  1.3
Dodging        | |  2.2

Action                     |  1- 3 |  4- 6 || total
---------------------------+-------+-------++-------
  Melee: Unarmed           |    50 |    38 ||    88
         Constrict         |    10 |    11 ||    21
         Tentacles         |     7 |     9 ||    16
         Punch             |       |     2 ||     2
   Stab: Sleeping          |     3 |     1 ||     4
 Armour: Skin              |    16 |    23 ||    39
  Dodge: Dodged            |    23 |    17 ||    40
